 Dungeon Crawl Stone Soup version 0.23-a0-671-g42e8185 (webtiles) character file.

8733 zishaf the Slicer (level 11, -3/72 HPs)
             Began as a Kobold Artificer on Jan 8, 2019.
             Was a Priest of Wu Jian.
             Killed from afar by a gargoyle (21 damage)
             ... with a stone arrow
             ... on level 10 of the Dungeon on Jan 9, 2019.
             The game lasted 00:41:23 (13477 turns).

zishaf the Slicer (Kobold Artificer)               Turns: 13477, Time: 00:41:23

Health: -3/72      AC:  7    Str: 16    XL:     11   Next: 61%
Magic:  0/14       EV: 21    Int: 13    God:    Wu Jian [***...]
Gold:   415        SH:  0    Dex: 17    Spells: 10/10 levels left

rFire    + . .     SeeInvis .   a - +3 short sword (venom)
rCold    + . .     Gourm    .   (shield restricted)
rNeg     . . .     Faith    .   F - +0 ring mail {rF+}
rPois    .         Spirit   +   (no helmet)
rElec    .         Reflect  .   I - +0 cloak {MR+}
rCorr    .         Harm     .   (no gloves)
MR       +....                  l - +0 pair of boots
Stlth    ++++......             z - amulet of guardian spirit
HPRegen  0.22/turn              E - +5 ring of strength
MPRegen  0.14/turn              w - ring of protection from cold

@: drained
A: small, carnivore
a: Wall Jump, Serpent's Lash, Renounce Religion


You were on level 10 of the Dungeon.
You worshipped Wu Jian.
Wu Jian was most pleased with you.
You were very full.

You visited 2 branches of the dungeon, and saw 12 of its levels.
You also visited: Sewer and Bailey.

You collected 415 gold pieces.

Inventory:

Hand Weapons
 a - a +3 short sword of venom (weapon)
 b - a +0 arbalest
 y - the +1 hand axe "Uvyepluh" {holy, Str+3}
   (You found it on level 7 of the Dungeon)

   It has been blessed by the Shining One to cause great damage to the undead
   and demons.
   It affects your strength (+3).
Missiles
 j - 210 stones (quivered)
 k - 67 bolts
Armour
 h - a +1 ring mail
 l - a +0 pair of boots (worn)
 F - a +0 ring mail of fire resistance (worn)
 I - a +0 cloak of magic resistance (worn)
 S - a +0 leather armour
Jewellery
 o - an uncursed ring of positive energy
 w - a ring of protection from cold (right hand)
 z - an amulet of guardian spirit (around neck)
 E - a +5 ring of strength (left hand)
 M - a +2 ring of intelligence
Wands
 d - a wand of enslavement (15)
 e - a wand of random effects (50)
 J - a wand of iceblast (4)
 L - a wand of polymorph (5)
 N - a wand of flame (23)
Scrolls
 c - a scroll of fear
 r - 2 scrolls of remove curse
 t - 9 scrolls of teleportation
 u - a scroll of fog
 x - 4 scrolls of amnesia
 A - 2 scrolls of magic mapping
 H - a scroll of enchant weapon
 O - a scroll of silence {unknown}
 P - a scroll of blinking {unknown}
 Q - a scroll of enchant armour
Potions
 g - 11 potions of curing
 i - 2 potions of resistance
 m - 5 potions of magic
 n - a potion of brilliance {unknown}
 p - 7 potions of heal wounds
 q - a potion of berserk rage {unknown}
 s - 3 potions of haste
 v - 4 potions of might
 B - 2 potions of invisibility
 C - 2 potions of agility
 D - a potion of flight
 G - a potion of experience {unknown}
 K - 7 potions of mutation
Comestibles
 f - 21 rations


   Skills:
 + Level 9.8(9.6) Fighting
 + Level 11.0(10.8) Short Blades
 + Level 2.6(2.5) Crossbows
 - Level 2.0(1.8) Armour
 + Level 10.8(10.7) Dodging
 - Level 10.0(9.8) Stealth
 - Level 5.1(5.0) Evocations


You had 10 spell levels left.
You didn't know any spells.
Your spell library was empty.

Dungeon Overview and Level Annotations

Branches:
Dungeon (11/15)            Temple (1/1) D:6            Lair (0/6) D:8
    Orc: D:9-12

Altars:
Ashenzari
Cheibriados
Dithmenos
Elyvilon
Fedhas
Gozag
Hepliaklqana
Kikubaaqudgha
Makhleb
Nemelex Xobeh
Okawaru
Qazlal
Ru
Sif Muna
Trog
Uskayaw
Vehumet
Wu Jian
Xom
Yredelemnul
Zin
The Shining One


Innate Abilities, Weirdness & Mutations

You are small and have problems with some larger weapons.
You are carnivorous and can eat meat at any time.


Message History

The gargoyle is heavily damaged.
You barely miss the gargoyle.
The gargoyle is heavily damaged.
The gargoyle hurls a stone arrow at you.
The stone arrow hits you!
* * * LOW HITPOINT WARNING * * *
You feel less exhausted.
The gargoyle hurls a stone arrow at you.
The stone arrow hits you!
* * * LOW HITPOINT WARNING * * *
You see here a plate armour.
The gargoyle hurls a stone arrow at you.
The stone arrow misses you.
You feel much better.
The gargoyle hurls a stone arrow at you.
The stone arrow hits you!
* * * LOW HITPOINT WARNING * * *
The gargoyle hurls a stone arrow at you.
The stone arrow hits you!
You die...

.......................#
##############.#######.#
#.# #.# ##########.#
#.## #..........#
#..########
#####.########.#
#.........# ...##.# #.#
#..######.# ##.##.#
#.#######..# *,*
#.##.#### #..@...9...#
*,* #.......#
#####.####.### *,*
###...##.# #.# #.[.#
**,* ....#.##.#
#.#**###.# *,,*
......##.# #..,,* #.#
*,** ####.###.# ###*,*
#.# *,* ..*#.# #.# *,*
#.# *,* ..*#.# #.# *,*
#.# *,** .#*#.# #.# *,*
#.# *,,*


You could see a gargoyle.

Vanquished Creatures
  A two-headed ogre (D:8)
  A death knight (D:8)
  An orc knight (Bailey)
  An ugly thing (D:11)
  Psyche (D:8)
  2 hippogriffs
  4 yaks
  A wyvern (D:9)
  A spriggan (D:9)
  Grum (D:8)
  Edmund (D:5)
  Menkaure (D:5)
  A water moccasin (D:8)
  A black bear (D:8)
  4 orc warriors
  An ice beast (D:8)
  2 ogres
  3 phantoms
  A necrophage (D:7)
  2 wolves (D:8)
  2 centaurs
  2 big kobolds
  A bullfrog (Sewer)
  3 scorpions
  7 killer bees
  5 wights (D:10)
  2 centaur zombies
  A crimson imp (D:6)
  A bullfrog zombie (D:10)
  A jelly (D:8)
  6 orc priests
  4 hounds
  2 bullfrog skeletons
  Crazy Yiuf (D:7)
  A centaur skeleton (D:8)
  9 orc wizards
  9 worker ants
  A killer bee zombie (D:8)
  A hound zombie (D:6)
  A hound skeleton (D:8)
  A worker ant zombie (D:10)
  16 adders
  16 gnolls
  5 river rats (Sewer)
  2 shadow imps
  4 oozes
  An adder zombie (D:8)
  An adder skeleton (D:8)
  3 dart slugs
  5 leopard geckos
  30 orcs
  5 bats
  A giant cockroach (D:1)
  10 goblins
  19 hobgoblins
  11 jackals
  23 kobolds
  4 quokkas
  14 ball pythons
  4 frilled lizards
  2 quokka skeletons
  27 rats
295 creatures vanquished.

Vanquished Creatures (collateral kills)
  A yak (D:7)
  A bullfrog (Sewer)
  3 killer bees (D:8)
  A crimson imp (D:8)
  2 ball pythons (Sewer)
  A frilled lizard (Sewer)
9 creatures vanquished.

Vanquished Creatures (others)
  A killer bee (D:8)
  An iguana (D:8)
2 creatures vanquished.

Grand Total: 306 creatures vanquished

Notes
Turn   | Place    | Note
-------+----------+-------------------------------------------
     0 | D:1      | zishaf the Kobold Artificer began the quest for the Orb.
     0 | D:1      | Reached XP level 1. HP: 12/12 MP: 3/3
   200 | D:1      | Reached XP level 2. HP: 16/16 MP: 4/4
   588 | D:1      | Reached skill level 2 in Short Blades
   596 | D:1      | Reached XP level 3. HP: 16/20 MP: 5/5
  1548 | D:2      | Reached XP level 4. HP: 26/26 MP: 7/7
  1979 | D:3      | Found a glowing drain.
  2030 | Sewer    | Entered a sewer
  2172 | Sewer    | Reached skill level 1 in Armour
  2172 | Sewer    | Reached XP level 5. HP: 27/30 MP: 8/8
  2327 | Sewer    | Reached skill level 3 in Short Blades
  2458 | Sewer    | Noticed a bullfrog
  2458 | Sewer    | Noticed a bullfrog
  2465 | Sewer    | Killed a bullfrog
  2465 | Sewer    | Reached XP level 6. HP: 21/36 MP: 9/9
  3036 | D:3      | Found a deep blue altar of Sif Muna.
  3036 | D:3      | Found a snail-covered altar of Cheibriados.
  3263 | D:4      | Noticed a phantom
  3335 | D:4      | Found a hazy altar of Hepliaklqana.
  3415 | D:3      | Reached skill level 4 in Short Blades
  3415 | D:3      | Reached XP level 7. HP: 26/41 MP: 10/10
  4319 | D:4      | HP: 1/41 [phantom (4)]
  4320 | D:4      | Reached skill level 5 in Stealth
  4669 | D:4      | Reached skill level 5 in Dodging
  4865 | D:4      | Reached skill level 5 in Short Blades
  4865 | D:4      | Reached XP level 8. HP: 45/48 MP: 11/11
  5175 | D:4      | Found a hazy altar of Hepliaklqana.
  5423 | D:5      | Entered Level 5 of the Dungeon
  5639 | D:5      | Noticed Menkaure
  5643 | D:5      | Killed Menkaure
  6070 | D:5      | Found a shimmering altar of Xom.
  6327 | D:5      | Noticed Edmund
  6351 | D:5      | Killed Edmund
  6492 | D:5      | Found a sacrificial altar of Ru.
  6625 | D:6      | Found a radiant altar of Vehumet.
  6734 | D:6      | Reached skill level 5 in Fighting
  6734 | D:6      | Reached skill level 6 in Short Blades
  6920 | D:6      | Found a staircase to the Ecumenical Temple.
  6984 | Temple   | Entered the Ecumenical Temple
  7099 | Temple   | Became a worshipper of the Wu Jian Council
  7205 | D:6      | Reached XP level 9. HP: 54/54 MP: 12/12
  7789 | D:7      | Found a blossoming altar of Fedhas.
  7878 | D:7      | Got a crude hand axe
  7879 | D:7      | Identified the +1 hand axe "Uvyepluh" {holy, Str+3} (You
                  | found it on level 7 of the Dungeon)
  7951 | D:7      | Found a runed door.
  8090 | D:7      | Reached skill level 7 in Short Blades
  8171 | D:7      | Noticed Crazy Yiuf
  8185 | D:7      | Killed Crazy Yiuf
  8580 | D:8      | Reached * piety under Wu Jian
  8715 | D:8      | Found a glowing silver altar of Zin.
  8735 | D:8      | Found a hide-covered altar of Uskayaw.
  8855 | D:8      | Found a shattered altar of Ashenzari.
  8876 | D:8      | Noticed Psyche
  8879 | D:8      | Found an iron altar of Okawaru.
  8884 | D:8      | Killed Psyche
  8884 | D:8      | Reached skill level 8 in Short Blades
  8884 | D:8      | Reached XP level 10. HP: 61/61 MP: 13/13
  8992 | D:8      | Noticed a two-headed ogre
  9007 | D:8      | Killed a two-headed ogre
  9025 | D:8      | Found a basalt altar of Yredelemnul.
  9045 | D:8      | Found a staircase to the Lair.
  9210 | D:8      | Reached skill level 9 in Short Blades
  9347 | D:8      | Reached skill level 10 in Stealth
  9630 | D:8      | Noticed a death knight
  9879 | D:8      | Noticed Grum
 10101 | D:8      | Killed Grum
 10538 | D:8      | Reached skill level 10 in Short Blades
 10706 | D:8      | Killed a death knight
 10706 | D:8      | Reached skill level 10 in Dodging
 10706 | D:8      | Reached XP level 11. HP: 69/69 MP: 14/14
 10735 | D:9      | Found an ancient bone altar of Kikubaaqudgha.
 10896 | D:9      | Reached ** piety under Wu Jian
 10907 | D:9      | Found a glowing golden altar of the Shining One.
 11519 | D:9      | Reached skill level 5 in Evocations
 11649 | D:10     | Entered Level 10 of the Dungeon
 11691 | D:10     | Found a flagged portal.
 11772 | Bailey   | Entered a bailey
 12019 | Bailey   | Noticed an orc knight
 12147 | Bailey   | Reached *** piety under Wu Jian
 12167 | Bailey   | Killed an orc knight
 12167 | Bailey   | Reached skill level 1 in Crossbows
 13276 | D:10     | You fall through a shaft!
 13277 | D:11     | Noticed a brown ugly thing
 13277 | D:11     | Killed a brown ugly thing
 13349 | D:10     | Reached skill level 11 in Short Blades
 13477 | D:10     | Killed from afar by a gargoyle

Vault maps used:
D:1:      lightli_arrival_isolated_outpost, chequers_serial_rivers_micro_e,
          hangedman_decor_riveting, chequers_serial_rivers_micro_d
D:3:      gammafunk_temple_overflow_pools, cheibrodos_sewer_entry_sluice,
          first_ration
D:4:      lemuel_crystal_altar
D:5:      kennysheep_mini, lemuel_doored_altar, minmay_misc_feat_secret_circle,
          uniq_menkaure, uniq_edmund
D:6:      fiery_altar_vehumet, minmay_temple_entry_arrows, hex_medium
D:7:      overflow_temple_1_default, uniq_crazy_yiuf_cottage
D:8:      cheibrodos_barr_body, overflow_temple_1_default,
          evilmike_ruin_ashenzari, zin_academy, lemuel_round_altar,
          lair_entry_dummy, basic_altar, uniq_psyche, uniq_grum
D:9:      lemuel_crystal_altar, kennysheep_mini_moat, the_bakery
D:10:     enter_bailey_2
Temple:   nicolae_temple_figure_zero
Sewer:    sewer_minmay_w
Bailey:   bailey_axe_2, bailey

Skill      XL: |  1  2  3  4  5  6  7  8  9 10 11 |
---------------+----------------------------------+-----
Stealth        | 2 3 4 5 7 9 10 | 10.0
Short Blades   | 2 3 4 5 6 8 10 11 | 11.0
Evocations     | 4 5 |  5.1
Dodging        | 3 4 5 6 7 10 | 10.8
Fighting       | 2 3 4 5 6 8 9 |  9.8
Armour         | 1 2 |  2.0
Crossbows      | 2 |  2.6

Action                   |  1- 3 |  4- 6 |  7- 9 | 10-12 || total
-------------------------+-------+-------+-------+-------++-------
Melee: Short sword       |   145 |   156 |   340 |   377 ||  1018
       Hand axe          |       |       |       |    22 ||    22
 Fire: Arbalest          |       |       |       |    14 ||    14
Throw: Stone             |       |    14 |    21 |    11 ||    46
Invok: Lunge             |       |       |    17 |    74 ||    91
       Whirlwind         |       |       |       |     5 ||     5
       Serpent's Lash    |       |       |       |     3 ||     3
Evoke: Wand              |       |    18 |     5 |    17 ||    40
  Use: Scroll            |       |    11 |     5 |     4 ||    20
       Potion            |       |       |       |     1 ||     1
 Stab: Sleeping          |     3 |     4 |    15 |    17 ||    39
       Paralysed         |       |       |     1 |       ||     1
       Distracted        |       |       |       |     1 ||     1
  Eat: Chunk             |    11 |     5 |    18 |    14 ||    48
Armor: Leather armour    |     2 |       |       |       ||     2
       Ring mail         |    33 |    50 |    58 |    30 ||   171
Dodge: Dodged            |   118 |   127 |   197 |   261 ||   703

Table legend:
 A = Non-vault XP
 B = Vault XP
 C = Vault XP percentage of total XP
 D = Non-vault monster count
 E = Vault monster count
 F = Vault count percentage of total count
                 A         B        C        D         E       F
            +---------+---------+-------+---------+---------+-------
      Total |    8213 |    4263 |  34.2 |     201 |     103 |  33.9
            +---------+---------+-------+---------+---------+-------
        D:1 |      49 |       0 |   0.0 |      23 |       0 |   0.0
        D:2 |      24 |       0 |   0.0 |      14 |       0 |   0.0
        D:3 |     158 |       4 |   2.5 |      22 |       3 |  12.0
        D:4 |     432 |       0 |   0.0 |      15 |       0 |   0.0
        D:5 |     208 |     345 |  62.4 |      16 |       2 |  11.1
        D:6 |     568 |       0 |   0.0 |      14 |       0 |   0.0
        D:7 |     958 |      40 |   4.0 |      16 |       1 |   5.9
        D:8 |    2619 |    2467 |  48.5 |      28 |      14 |  33.3
        D:9 |    1307 |     211 |  13.9 |      23 |       1 |   4.2
       D:10 |    1245 |       0 |   0.0 |      26 |       0 |   0.0
       D:11 |     645 |       0 |   0.0 |       4 |       0 |   0.0
      Sewer |       0 |     354 | 100.0 |       0 |      48 | 100.0
     Bailey |       0 |     842 | 100.0 |       0 |      34 | 100.0
            +---------+---------+-------+---------+---------+-------
